 Dungeon Crawl Stone Soup version 0.17.0-28-g6e173f8 (webtiles) character file.

269 lucasterio the Ogre Mage (level 6, -5/53 HPs)
             Began as an Ogre Wizard on Dec 2, 2015.
             Killed from afar by Sigmund (11 damage)
             ... with a puff of flame
             ... on level 3 of the Dungeon.
             The game lasted 00:24:31 (5562 turns).

lucasterio the Ogre Mage (Ogre Wizard)              Turns: 5562, Time: 00:24:31

Health: -5/53      AC:  4    Str: 13    XL:     6   Next: 22%
Magic:  5/13       EV:  9    Int: 19    God:
Gold:   120        SH:  0    Dex:  8    Spells: 4 memorised, 7 levels left

rFire  . . .     SeeInvis .     n - +0 short sword
rCold  . . .     Clarity  .     a - +0 robe
rNeg   . . .     SustAt   .     (no shield)
rPois  .         Gourm    .     b - +0 hat
rElec  .         Spirit   .     m - +0 cloak
rCorr  .         Warding  .     (gloves unavailable)
rMut   .         Stasis   .     (boots unavailable)
MR     .....                    (no amulet)
Stlth  +.........               (no ring)
                                (no ring)

@: not resistant to hostile enchantments, very unstealthy
A: unfitting armour, tough skin 1
a: no special abilities


You were on level 3 of the Dungeon.
You were not hungry.

You visited 1 branch of the dungeon, and saw 3 of its levels.

You collected 120 gold pieces.

Inventory:

Hand Weapons
 n - a +0 short sword (weapon)
 r - a +3 hand axe of draining
Armour
 a - a +0 robe (worn)
 b - a +0 hat (worn)
 m - a +0 cloak (worn)
Jewellery
 h - a +3 ring of dexterity {unknown}
 i - an uncursed ring of magical power {unknown}
 p - an uncursed ring of protection from magic {unknown}
Scrolls
 e - a scroll of recharging {unknown}
 j - 5 scrolls of identify {unknown}
 k - 2 scrolls of noise {unknown}
 t - 2 scrolls of enchant armour {unknown}
 v - a scroll of remove curse {unknown}
Potions
 d - 2 potions of mutation {unknown}
 f - 2 potions of curing {unknown}
 l - a potion of magic {unknown}
 o - a potion of cure mutation {unknown}
 q - a potion of lignification {unknown}
 s - a potion of poison {unknown}
 u - a potion of cancellation {unknown}
 w - a potion of beneficial mutation {unknown}
Books
 c - a book of Minor Magic

   Spells                             Type                      Level
   a - Magic Dart                     Conjuration                  1
   b - Blink                          Translocation                2
   c - Call Imp                       Summoning                    2
   d - Repel Missiles                 Charms/Air                   2
   e - Slow                           Hexes                        2
   f - Conjure Flame                  Conjuration/Fire             3
   g - Mephitic Cloud                 Conjuration/Poison/Air       3
 g - a book of Alchemy

   Spells                             Type                      Level
   a - Sublimation of Blood           Necromancy                   2
   b - Ignite Poison                  Fire/Transmutation/Poison    3
   c - Alistair's Intoxication        Transmutation/Poison         4
   d - Condensation Shield            Ice                          4
   e - Petrify                        Transmutation/Earth          4
   f - Irradiate                      Conjuration/Transmutation    5
Comestibles
 z - a beef jerky


   Skills:
 - Level 1.7 Dodging
 - Level 1.5 Stealth
 + Level 5.0 Spellcasting
 * Level 3.3 Conjurations
 + Level 1.2 Summonings
 - Level 1.0 Translocations
 + Level 0.7 Poison Magic


You had 7 spell levels left.
You knew the following spells:

 Your Spells              Type           Power        Failure   Level  Hunger
a - Magic Dart            Conj           ###.         3%          1    None
b - Blink                 Tloc           N/A          14%         2    #......
c - Call Imp              Summ           #.......     12%         2    #......
d - Mephitic Cloud        Conj/Pois/Air  #.......     21%         3    ##.....


Dungeon Overview and Level Annotations

Branches:
Dungeon (3/15)

Altars:

Annotations:
D:3 Sigmund


Innate Abilities, Weirdness & Mutations

You are too large for most types of armour.
You have tough skin (AC +1).


Message History

Unknown command.
You're too confused to cast spells.
You're too confused!
You bump into the rock wall.
You hear some strange, mumbled words.
You are more confused.
Something hits you!
You're too confused to cast spells.
You're too confused!
Something tries to affect you, but you resist.
Something hits you!
You feel less confused. Something hits you!
* * * LOW HITPOINT WARNING * * *
A puff of flame appears from out of thin air!
The puff of flame hits you!
* * * LOW HITPOINT WARNING * * *
A puff of flame appears from out of thin air!
The puff of flame hits you!
You die...

#...>...#.#........# #.#####.#
#.##......#.###.#######.#####.##
##.##.##.........................
...##.........#{####..##.##.##.#.
#..####...##.##.####..##.##....#.
#..####...#####.##....##.........
#.........# #.##.##.#####.####.
#.#####...# #.##.##.# #...... ..#
#...# #.@...<.# ####### ####
#...# ####.#### #######
...####...########.##### #.....#
.................#.....###.....#
.>...............[.............#
.................#####.###.....#
##.####...######## #.# #.....#
...# #...# #.# ####### #### #...#
#.#


There were no monsters in sight!

Vanquished Creatures
  An iguana (D:3)
  Natasha (thrice) (D:2)
  A hound zombie (D:2)
  8 adders
  4 river rats
  2 worms
  3 giant geckos
  4 orcs (D:3)
  10 bats
  4 giant cockroaches
  10 goblins
  9 hobgoblins
  A quokka (D:3)
  A ball python (D:3)
  2 giant newts (D:2)
  7 kobolds
  11 rats
81 creatures vanquished.

Vanquished Creatures (collateral kills)
  A worm (D:2)
1 creature vanquished.

Grand Total: 82 creatures vanquished

Notes
Turn   | Place    | Note
--------------------------------------------------------------
     0 | D:1      | lucasterio the Ogre Wizard began the quest for the Orb.
     0 | D:1      | Reached XP level 1. HP: 16/16 MP: 5/5
    75 | D:1      | Reached skill level 1 in Conjurations
   479 | D:1      | Reached XP level 2. HP: 24/24 MP: 0/6
  1279 | D:1      | Reached XP level 3. HP: 31/31 MP: 0/8
  1434 | D:2      | Reached skill level 4 in Spellcasting
  1832 | D:1      | Learned a level 2 spell: Blink
  1835 | D:1      | Learned a level 2 spell: Call Imp
  2052 | D:2      | Reached XP level 4. HP: 37/39 MP: 3/10
  2322 | D:2      | Noticed Natasha
  3139 | D:2      | Killed Natasha
  3233 | D:2      | Noticed Natasha
  3239 | D:2      | Killed Natasha
  3239 | D:2      | Reached XP level 5. HP: 36/45 MP: 6/11
  3446 | D:2      | Noticed Natasha
  3448 | D:2      | Killed Natasha
  3888 | D:3      | Reached skill level 1 in Translocations
  3901 | D:3      | Learned a level 3 spell: Mephitic Cloud
  4521 | D:2      | Reached skill level 1 in Summonings
  4782 | D:3      | Noticed Sigmund
  4846 | D:3      | Reached XP level 6. HP: 27/53 MP: 1/13
  5246 | D:3      | Reached skill level 5 in Spellcasting
  5562 | D:3      | Killed from afar by Sigmund

Action                   |  1- 3 |  4- 6 || total
-------------------------+-------+-------++-------
Melee: Club              |    38 |     6 ||    44
       Short sword       |       |    39 ||    39
 Cast: Magic Dart        |    96 |   212 ||   308
       Call Imp          |       |     4 ||     4
       Blink             |       |     2 ||     2
       Mephitic Cloud    |       |     2 ||     2
  Eat: Chunk             |     3 |     7 ||    10
       Bread ration      |       |     1 ||     1
